 Dungeon Crawl Stone Soup version 0.21.1-1-g345015f (webtiles) character file.

361 letownia2 the Conjurer (level 6, -5/35 HPs)
             Began as a Tengu Conjurer on Mar 5, 2018.
             Was an Initiate of Cheibriados.
             Slain by a wight
             ... wielding a +4 falchion
              (7 damage)
             ... on level 9 of the Dungeon.
             The game lasted 00:08:47 (1527 turns).

letownia2 the Conjurer (Tengu Conjurer)             Turns: 1527, Time: 00:08:48

Health: -5/35      AC:  4    Str:  9    XL:     6   Next: 66%
Magic:  1/12       EV: 11    Int: 18    God:    Cheibriados [......]
Gold:   127        SH:  0    Dex: 16    Spells: 1/11 levels left

rFire    . . .     SeeInvis .   i - +2 spear (venom)
rCold    . . .     Gourm    .   (no shield)
rNeg     . . .     Faith    .   k - +0 leather armour
rPois    .         Spirit   .   (helmet restricted)
rElec    .         Reflect  .   n - +0 cloak
rCorr    .         Harm     .   (no gloves)
MR       .....                  (boots unavailable)
Stlth    +.........             (no amulet)
HPRegen  0.11/turn              (no ring)
MPRegen  0.13/turn              (no ring)

@: very slightly contaminated, heavily drained, very slow
A: beak, talons 3, able to fly 1
a: Fly, Bend Time, Renounce Religion


You were on level 9 of the Dungeon.
You worshipped Cheibriados.
Cheibriados was noncommittal.
You were not hungry.

You visited 2 branches of the dungeon, and saw 9 of its levels.

You collected 127 gold pieces.

Inventory:

Hand Weapons
 a - a +0 short sword
 c - a +0 blowgun
 h - a -3 whip
 i - a +2 spear of venom (weapon)
Missiles
 f - 2 javelins (quivered)
 q - 5 poisoned needles
Armour
 d - the +7 chain mail "Pipti Tojau" {-Tele +Inv rElec Dex+5}
   (You found it on level 5 of the Dungeon)

   It affects your dexterity (+5).
   It insulates you from electricity.
   It lets you turn invisible.
   It prevents most forms of teleportation.
 k - a +0 leather armour (worn)
 n - a +0 cloak (worn)
Scrolls
 e - a scroll of remove curse
 g - 2 scrolls of amnesia
 m - a scroll of fear {unknown}
 r - a scroll of enchant armour {unknown}
 s - a scroll of immolation {unknown}
Books
 b - a book of Conjurations

   Spells                             Type                      Level
   a - Magic Dart                     Conjuration                  1
   b - Searing Ray                    Conjuration                  2
   c - Dazzling Spray                 Conjuration/Hexes            3
   d - Fulminant Prism                Conjuration/Hexes            4
   e - Force Lance                    Conjuration/Translocation    4
   f - Iskenderun's Mystic Blast      Conjuration                  4
Comestibles
 p - 8 rations


   Skills:
 - Level 2.1(0.0) Fighting
 + Level 1.5(0.0) Armour
 + Level 2.9(0.4) Dodging
 - Level 2.0(0.0) Stealth
 + Level 3.3(0.8) Spellcasting
 + Level 7.3(4.5) Conjurations
 - Level 1.6(0.0) Hexes


You had one spell level left.
You knew the following spells:

 Your Spells              Type           Power        Failure   Level  Hunger
a - Magic Dart            Conj           ###.         4%          1    ##.....
d - Iskenderun's Mystic   Conj           ###.....     41%         4    #####..
l - Searing Ray           Conj           ###...       7%          2    ###....
x - Dazzling Spray        Conj/Hex       #.....       32%         3    ####...


Dungeon Overview and Level Annotations

Branches:
Dungeon (9/15)             Temple (1/1) D:4
   Lair: D:8-11         Orc: D:9-12

Altars:
Ashenzari
Cheibriados
Dithmenos
Elyvilon
Fedhas
Gozag
Hepliaklqana
Kikubaaqudgha
Makhleb
Nemelex Xobeh
Okawaru
Ru
Sif Muna
Trog
Uskayaw
Vehumet
Wu Jian
Xom
Yredelemnul
The Shining One


Innate Abilities, Weirdness & Mutations

You have a beak for a mouth.
You have claws for feet.
You can fly.


Message History

You feel drained.
* * * LOW HITPOINT WARNING * * *
The searing ray misses the wight.
The searing ray hits the wight.
The wight is heavily damaged.
The wight hits you but does no damage.
Unknown command.
The searing ray hits the wight.
The wight is severely damaged.
The wight hits you with an enchanted falchion.
* * * LOW HITPOINT WARNING * * *
You feel drained.
Unknown command.
Without enough magic to sustain it, your searing ray dissipates.
The wight misses you.
Unknown command.
Unknown command.
You closely miss the wight.
The wight is severely damaged.
The wight hits you with an enchanted falchion!
You die...

####+### #......#
#.######## #......#
(..(.zz@.####......+
#.######....'...<..#
######......#
#......# #......# +#
#.. #.# #####'## .#
#.# #.# ####.#
.###.# #.# #....# _#
#.# #.# ####.#####


You could see 2 wights.

Vanquished Creatures
  A crocodile (D:8)
  A wight (D:9)
  A jelly (D:6)
  A bullfrog skeleton (D:4)
  A worker ant (D:8)
  A hound skeleton (D:3)
  2 worker ant zombies (D:5)
  8 adders
  An ooze (D:5)
  An adder skeleton (D:4)
  A worm (D:3)
  3 leopard geckos
  6 orcs
  3 giant cockroaches (D:2)
  6 goblins
  6 hobgoblins
  A quokka (D:2)
  2 ball pythons
  2 frilled lizards
  3 kobolds
51 creatures vanquished.

Notes
Turn   | Place    | Note
-------+----------+-------------------------------------------
     0 | D:1      | letownia2 the Tengu Conjurer began the quest for the Orb.
     0 | D:1      | Reached XP level 1. HP: 10/10 MP: 4/4
    65 | D:1      | Reached XP level 2. HP: 11/15 MP: 1/6
    79 | D:2      | Learned a level 2 spell: Searing Ray
   105 | D:2      | Reached skill level 6 in Conjurations
   204 | D:2      | Reached XP level 3. HP: 18/19 MP: 4/7
   209 | D:2      | Learned a level 3 spell: Dazzling Spray
   339 | D:2      | Reached skill level 7 in Conjurations
   414 | D:3      | Reached XP level 4. HP: 19/24 MP: 2/8
   678 | D:4      | Noticed an ogre
   692 | D:4      | Found a shattered altar of Ashenzari.
   771 | D:4      | Reached skill level 1 in Fighting
   771 | D:4      | Reached skill level 1 in Hexes
   771 | D:4      | Gained mutation: You can fly. [Tengu growth]
   771 | D:4      | Reached XP level 5. HP: 12/29 MP: 1/9
   772 | D:4      | Found a staircase to the Ecumenical Temple.
   798 | Temple   | Entered the Ecumenical Temple
   879 | Temple   | Became a worshipper of Cheibriados the Contemplative
  1070 | D:5      | Entered Level 5 of the Dungeon
  1161 | D:5      | Found a shimmering altar of Xom.
  1164 | D:5      | Noticed a phantom
  1171 | D:5      | Found a white marble altar of Elyvilon.
  1172 | D:5      | Found a radiant altar of Vehumet.
  1181 | D:5      | Got a pitted chain mail
  1234 | D:6      | Reached XP level 6. HP: 31/35 MP: 2/11
  1240 | D:6      | Learned a level 4 spell: Iskenderun's Mystic Blast
  1245 | D:6      | You fall through a shaft for 2 floors!
  1332 | D:8      | Identified the +7 chain mail "Pipti Tojau" {-Tele +Inv rElec Dex+5} (You found it on level 5 of the Dungeon)
  1354 | D:8      | Reached skill level 1 in Armour
  1417 | D:9      | Found an opulent altar of Gozag.
  1466 | D:9      | Noticed a two-headed ogre
  1527 | D:9      | Slain by a wight

Skill      XL: |  1  2  3  4  5  6 |
---------------+-------------------+-----
Conjurations   | 6 7 |  7.3
Fighting       | 1 2 |  2.1
Hexes          | 1 |  1.6
Spellcasting   | 3 |  3.3
Armour         | 1 |  1.5
Dodging        | |  2.9
Stealth        | |  2.0

Action                   |  1- 3 |  4- 6 || total
-------------------------+-------+-------++-------
Melee: Unarmed           |    15 |       ||    15
       Kick              |     4 |     3 ||     7
       Peck              |     4 |     2 ||     6
       Short sword       |    10 |    15 ||    25
       Spear             |       |     4 ||     4
Throw: Javelin           |       |     4 ||     4
 Cast: Magic Dart        |    38 |    29 ||    67
       Searing Ray       |       |    15 ||    15
  Use: Scroll            |       |     5 ||     5
       Potion            |       |     1 ||     1
 Stab: Sleeping          |     2 |       ||     2
  Eat: Chunk             |       |     4 ||     4
Armor: Robe              |     5 |       ||     5
       Leather armour    |       |     7 ||     7
Dodge: Dodged            |    20 |    35 ||    55
